[Event "Team 45 45 League T36"]
[Site "Internet Chess Club"]
[Date "2008.02.14"]
[Round "4"]
[White "WFN2"]
[Black "Qui"]
[Result "1-0"]
[WhiteElo "2291"]
[BlackElo "1987"]
[Opening "Queen's pawn, Mason variation"]
[ECO "D00"]
[Time "16:09:25"]
[TimeControl "2700+45"]

1. d4 d5 2. Bf4 Nf6 3. e3 e6 4. Nd2 c5 5. c3 Nc6 6. Bd3 g6 7. Ngf3 cxd4 8. exd4
Bg7 9. O-O O-O 10. h3 b6 11. Qe2 Bb7 12. Ne5 Nd7 13. Ndf3 Qe7 14. Rfe1 Ndxe5 15.
Nxe5 Nxe5 16. Bxe5 f6 17. Bg3 Kf7 18. f4 f5 19. Qf2 Bc6 20. Bh4 Bf6 21. Bxf6
Qxf6 22. Re3 Rae8 23. g4 h5 24. gxh5 gxh5 25. Kh2 h4 26. Rg1 Rg8 27. Ree1 Rxg1
28. Rxg1 Rg8 29. Rxg8 Kxg8 30. Kg2 Kg7 31. Kf3 Be8 32. Ke3 Bh5 33. Be2 Bxe2 34.
Kxe2 Qh6 35. Ke3 Qh5 36. Kd2 Qh6 37. a4 Kf7 38. Ke3 Qh5 39. Qg1 Qg6 40. Qxg6+
Kxg6 41. b3 Kf6 42. c4 dxc4 43. bxc4 Ke7 44. c5 Kd7 45. Kd3 Kc6 46. Kc4 a6 47.
cxb6 Kxb6 48. d5 exd5+ 49. Kxd5 Ka5 50. Ke5 Kxa4 51. Kxf5 Kb5 52. Kg5 Kc6 53. f5
Kd7 54. Kg6 a5 55. f6 a4 56. f7 {Black resigns} 1-0

[Event "Team 45 45 League T36"]
[Site "Internet Chess Club"]
[Date "2008.02.16"]
[Round "4"]
[White "smitty120"]
[Black "SluMan"]
[Result "1-0"]
[WhiteElo "1970"]
[BlackElo "1987"]
[Opening "Sicilian defense"]
[ECO "B32"]
[Time "09:03:31"]
[TimeControl "2700+45"]

1. e4 c5 2. Nf3 Nc6 3. d4 cxd4 4. Nxd4 Qb6 5. Nb5 a6 6. Be3 Qa5+ 7. N5c3 e6 8.
a3 Nf6 9. Nd2 b5 10. Nb3 Qc7 11. Be2 Be7 12. O-O O-O 13. f4 d6 14. f5 Ne5 15.
Kh1 Nc4 16. Bxc4 Qxc4 17. Nd2 Qc6 18. Rc1 e5 19. Bg5 Bb7 20. Bxf6 Bxf6 21. Nd5
Bd8 22. f6 g6 23. Qg4 Qc8 24. Qg5 Bxd5 25. exd5 Qc5 26. Ne4 Bxf6 27. Nxf6+ Kg7
28. Nd7 Qxd5 29. Nxf8 Rxf8 30. Qf6+ Kg8 31. Rcd1 {Black resigns} 1-0

[Event "Team 45 45 League T36"]
[Site "Internet Chess Club"]
[Date "2008.02.18"]
[Round "4"]
[White "Zillmer"]
[Black "MiroslavR"]
[Result "1-0"]
[WhiteElo "1972"]
[BlackElo "1898"]
[Opening "French: advance, Paulsen attack"]
[ECO "C02"]
[Time "13:58:26"]
[TimeControl "2700+45"]

1. e4 e6 2. d4 d5 3. e5 c5 4. c3 Nc6 5. Nf3 Qb6 6. a3 Nh6 7. b4 cxd4 8. cxd4 Nf5
9. Be3 f6 10. exf6 gxf6 11. Bd3 Nxe3 12. fxe3 e5 13. Nh4 Be6 14. O-O e4 15. Rxf6
Nxd4 16. Bxe4 dxe4 17. Nc3 Be7 18. Qh5+ Kd7 19. Nd5 Qd6 20. Nxe7 Qxe7 21. Qe5
Ne2+ 22. Kh1 Bc4 23. Rd1+ Ke8 24. Qh5+ Bf7 25. Qb5+ Kf8 26. Rdf1 Rc8 27. Rxf7+
Qxf7 28. Rxf7+ Kxf7 29. g3 Rc1+ 30. Kg2 Rhc8 31. Qxb7+ Kf8 32. Qxh7 Ke8 33. Nf5
R8c7 34. Qg8+ Kd7 35. Qd5+ Kc8 36. Nd6+ Kd7 37. Nb5+ {Black resigns} 1-0

[Event "Team 45 45 League T36"]
[Site "Internet Chess Club"]
[Date "2008.02.17"]
[Round "4"]
[White "Fegary"]
[Black "kassy"]
[Result "1-0"]
[WhiteElo "1999"]
[BlackElo "1779"]
[Opening "Sicilian: chameleon variation"]
[ECO "B23"]
[Time "14:05:50"]
[TimeControl "2700+45"]

1. e4 c5 2. Nc3 Nc6 3. Nge2 e5 4. Nd5 d6 5. Nec3 Nge7 6. Bc4 Nxd5 7. Nxd5 Be6 8.
d3 Ne7 9. Bg5 f6 10. Nxf6+ Kf7 11. Bxe6+ Kxe6 12. Nd5 Qa5+ 13. c3 Nxd5 14. exd5+
Kxd5 15. Qf3+ Ke6 16. Qg4+ Kd5 17. Qd7 Qb6 18. c4+ Kd4 19. Qg4+ Kxd3 20. O-O-O#
{Black checkmated} 1-0

[Event "Team 45 45 League T36"]
[Site "Internet Chess Club"]
[Date "2008.02.19"]
[Round "4"]
[White "xakelari"]
[Black "DctSccr"]
[Result "0-1"]
[WhiteElo "2002"]
[BlackElo "2150"]
[Opening "French: advance variation"]
[ECO "C02"]
[Time "16:01:00"]
[TimeControl "2700+45"]

1. e4 e6 2. d4 d5 3. e5 c5 4. c3 Qb6 5. Nf3 Nc6 6. a3 Nh6 7. b4 cxd4 8. cxd4 Nf5
9. Bb2 Be7 10. Bd3 a5 11. Bxf5 exf5 12. Nc3 Be6 13. b5 a4 14. Ra2 Na5 15. Qxa4
O-O 16. O-O Rfc8 17. Rc1 g5 18. Qd1 Nc4 19. Rc2 Nxb2 20. Raxb2 Rc4 21. Ne2 Rxa3
22. Rxc4 dxc4 23. Rb1 Rd3 24. Qa4 g4 25. Ne1 Rb3 26. Rxb3 cxb3 27. Nd3 Qc7 28.
Qa1 Qc2 29. Nef4 Qa2 30. Qc3 Qb1+ 31. Ne1 Bc4 32. h3 b2 33. Qxc4 Qxe1+ 34. Kh2
b1=Q 35. Qc8+ Kg7 36. Nh5+ Kh6 {White resigns} 0-1

[Event "Team 45 45 League T36"]
[Site "Internet Chess Club"]
[Date "2008.02.18"]
[Round "4"]
[White "andreip"]
[Black "alexcluster"]
[Result "1-0"]
[WhiteElo "2038"]
[BlackElo "1831"]
[Opening "Sicilian: Prins (Moscow) variation"]
[ECO "B55"]
[Time "14:03:31"]
[TimeControl "2700+45"]

1. e4 c5 2. Nf3 d6 3. d4 cxd4 4. Nxd4 Nf6 5. f3 a6 6. Be2 e5 7. Nb3 Be6 8. Be3
Be7 9. c4 Qc7 10. N3d2 Nbd7 11. Nc3 O-O 12. O-O Rac8 13. Nd5 Bxd5 14. cxd5 b5
15. b4 Qc2 16. Nb3 Qxd1 17. Rfxd1 Rc2 18. Kf1 Rfc8 19. Rac1 Bd8 20. Bd3 Rxc1 21.
Rxc1 Rxc1+ 22. Nxc1 h6 23. a4 bxa4 24. Bxa6 Nb8 25. Bb5 a3 26. Na2 Nfd7 27. Bc1
Bb6 28. Bxa3 Kf8 29. Ke2 Bd4 30. Nc1 Ke7 31. Nb3 Bb6 32. Na5 f6 33. Nc6+ Nxc6
34. dxc6 Nb8 35. Kd3 Kd8 36. Kc4 Kc7 37. Kd5 Bd4 38. Ba4 Na6 39. b5 Nc5 40. Bxc5
dxc5 41. b6+ {Black resigns} 1-0

[Event "Team 45 45 League T36"]
[Site "Internet Chess Club"]
[Date "2008.02.18"]
[Round "4"]
[White "hualpe"]
[Black "gezira"]
[Result "0-1"]
[WhiteElo "1816"]
[BlackElo "2160"]
[Opening "Sicilian: Taimanov (Bastrikov) variation"]
[ECO "B47"]
[Time "14:05:27"]
[TimeControl "2700+45"]

1. e4 c5 2. Nf3 e6 3. d4 cxd4 4. Nxd4 Nc6 5. Nc3 Qc7 6. Ndb5 Qb8 7. f4 a6 8. Nd4
Nh6 9. Be3 Be7 10. Be2 O-O 11. Qd2 f5 12. exf5 Nxd4 13. Bxd4 Nxf5 14. Bf2 d5 15.
O-O-O Bb4 16. g4 Nd6 17. Bd3 Nb5 18. Bxb5 axb5 19. f5 Rxa2 20. Qd4 Bxc3 21. Qxc3
exf5 22. Bc5 Ra1+ 23. Kd2 Qf4+ 24. Be3 Rxd1+ 25. Rxd1 Qxh2+ 26. Kc1 fxg4 27. Bd4
Bf5 28. Bxg7 Rc8 29. Rd2 Qh1+ 30. Rd1 Rxc3 {White resigns} 0-1

[Event "Team 45 45 League T36"]
[Site "Internet Chess Club"]
[Date "2008.02.15"]
[Round "4"]
[White "Ocho-Cinco"]
[Black "matein7"]
[Result "1/2-1/2"]
[WhiteElo "1795"]
[BlackElo "1935"]
[Opening "Scandinavian defense"]
[ECO "B01"]
[Time "18:08:07"]
[TimeControl "2700+45"]

1. e4 d5 2. exd5 Nf6 3. Nc3 Bg4 4. Bb5+ Nbd7 5. f3 Bf5 6. d3 a6 7. Bc4 Nb6 8.
Bb3 Nbxd5 9. Nxd5 Nxd5 10. Bd2 e6 11. Ne2 Qh4+ 12. g3 Qh3 13. Bxd5 exd5 14. Nf4
Qh6 15. Nxd5 Qc6 16. Qe2+ Kd7 17. Ne3 Re8 18. O-O-O Bc5 19. Rhe1 Qa4 20. Kb1 Kc8
21. Qf1 Be6 22. b3 Qa3 23. c4 Bd4 24. Bc1 Qc5 25. Nc2 Bf6 26. d4 Qh5 27. Qf2 a5
28. d5 Bf5 29. Bb2 Qg6 30. g4 Bxb2 31. gxf5 Qf6 32. Nd4 Bxd4 33. Rxe8+ Rxe8 34.
Qxd4 Qxf5+ 35. Qd3 Qh5 36. Rd2 Re1+ 37. Kb2 Qe5+ 38. Ka3 Qd6+ 39. Kb2 Qe5+ 40.
Ka3 h5 41. Rf2 c6 42. Qd2 Qd6+ 43. Kb2 Qe5+ 44. Ka3 cxd5 45. cxd5 Qd6+ 46. Ka4
Rd1 47. Qxa5 Rd4+ 48. b4 Kb8 49. Re2 Qd7+ 50. Qb5 Qxb5+ 51. Kxb5 Rxd5+ 52. Kb6
Rd6+ 53. Kc5 Rf6 54. Re3 Kc7 55. Re7+ Kc8 56. Re3 Kd7 57. b5 b6+ 58. Kc4 Rf4+
59. Kc3 Kd6 60. Kb3 Kc5 61. Re5+ Kd4 62. Rxh5 Rxf3+ 63. Kb4 f5 64. Rg5 f4 65.
Rg6 Rh3 66. Rxb6 f3 67. Rd6+ Ke5 68. Rd2 Rh4+ 69. Ka5 Rf4 70. Rd1 f2 71. Rf1 Kd5
72. a4 Kc5 73. Rc1+ Kd5 74. Rf1 Kc5 75. b6 Kc6 76. Rc1+ Kb7 77. Rf1 Rf5+ 78. Kb4
Kxb6 79. a5+ Ka6 80. Kc4 Kxa5 81. Kd4 Kb5 82. Ke3 Kc4 83. Rxf2 Rxf2 84. Kxf2 Kd4
85. Kf3 Ke5 86. Kg4 Kf6 87. Kf4 Kg6 88. Kg4 Kh6 89. Kf5 Kh5 90. h3 g6+ 91. Kf6
Kh6 92. h4 Kh5 93. Kg7 Kg4 94. Kxg6 Kxh4 {Game drawn because neither player has
mating material} 1/2-1/2

[Event "Team 45 45 League T36"]
[Site "Internet Chess Club"]
[Date "2008.02.18"]
[Round "4"]
[White "markgravitygood"]
[Black "charles-allen"]
[Result "1-0"]
[WhiteElo "1823"]
[BlackElo "1805"]
[Opening "Scandinavian defense"]
[ECO "B01"]
[Time "19:55:15"]
[TimeControl "2700+45"]

1. e4 d5 2. exd5 Nf6 3. d4 Bg4 4. Be2 Bxe2 5. Qxe2 Qxd5 6. Nf3 e6 7. c4 Bb4+ 8.
Nc3 Bxc3+ 9. bxc3 Qf5 10. Bb2 O-O 11. O-O Nbd7 12. Rfe1 c6 13. Rab1 b6 14. Ba3
c5 15. dxc5 Nxc5 16. Bxc5 Qxc5 17. Rb5 Qe7 18. Nd4 Rac8 19. Nf5 Qc7 20. Ne3 Ne4
21. Qc2 Nc5 22. Rd1 Rfd8 23. Rd4 Qe5 24. Qd2 Qc7 25. Rb1 Rxd4 26. cxd4 Rd8 27.
d5 Qf4 28. f3 exd5 29. cxd5 Ne6 30. Rb4 Qd6 31. Rg4 Nf4 32. Nf5 Qc5+ 33. Qe3
Qxe3+ 34. Nxe3 Ne2+ 35. Kf2 Nc3 36. a4 b5 37. axb5 Nxb5 38. Rb4 a6 39. Ke1 Kf8
40. Kd2 g6 41. Kd3 Ke7 42. g4 Kf6 43. h4 Rd7 44. Re4 Re7 45. g5+ {Black resigns}
1-0

[Event "Team 45 45 League T36"]
[Site "Internet Chess Club"]
[Date "2008.02.19"]
[Round "4"]
[White "jazzyrick"]
[Black "Ghashgork"]
[Result "0-1"]
[WhiteElo "1544"]
[BlackElo "1650"]
[Opening "Sicilian: dragon, Yugoslav attack, 7...O-O"]
[ECO "B76"]
[Time "15:18:30"]
[TimeControl "2700+45"]

1. e4 c5 2. Nf3 d6 3. d4 cxd4 4. Nxd4 Nf6 5. Nc3 g6 6. f3 Bg7 7. Be3 O-O 8. Qd2
Nc6 9. Be2 Bd7 10. g4 Ne5 11. g5 Ne8 12. f4 Nc6 13. O-O-O Rc8 14. Kb1 Nc7 15.
Nf3 Na8 16. e5 Be6 17. exd6 Qxd6 18. Qxd6 exd6 19. Nd5 Rfd8 20. h3 Nc7 21. c4 b6
22. Ka1 Bf5 23. Rd2 Nxd5 24. cxd5 Ne7 25. Nd4 Bxh3 26. Nc6 Nxc6 27. dxc6 Bg2 28.
Rc1 Rxc6 29. Rdc2 Rxc2 30. Rxc2 Bh3 31. Ba6 d5 32. Rd2 d4 33. Bxd4 Bxd4 34. Kb1
{White resigns} 0-1

[Event "Team 45 45 League T36"]
[Site "Internet Chess Club"]
[Date "2008.02.17"]
[Round "4"]
[White "joshtournman"]
[Black "BraafPaard"]
[Result "1-0"]
[WhiteElo "1506"]
[BlackElo "1544"]
[Opening "Four knights: Italian variation"]
[ECO "C55"]
[Time "09:59:30"]
[TimeControl "2700+45"]

1. e4 e5 2. Nf3 Nc6 3. Bc4 Nf6 4. Nc3 Bb4 5. a3 Bxc3 6. dxc3 Nxe4 7. Qd5 O-O 8.
Qxe4 d6 9. O-O Qf6 10. Bg5 Qf5 11. Qxf5 Bxf5 12. Rac1 h6 13. Be3 Na5 14. Bb3
Rad8 15. Rfd1 c5 16. Bd5 Nc6 17. Bxc6 bxc6 18. Nxe5 dxe5 19. Bxc5 Rxd1+ 20. Rxd1
Bxc2 21. Rd2 {Black resigns} 1-0

[Event "Team 45 45 League T36"]
[Site "Internet Chess Club"]
[Date "2008.02.16"]
[Round "4"]
[White "chess92192"]
[Black "BIGGY"]
[Result "0-1"]
[WhiteElo "1725"]
[BlackElo "1748"]
[Opening "Caro-Kann: advance variation"]
[ECO "B12"]
[Time "11:00:52"]
[TimeControl "2700+45"]

1. e4 c6 2. d4 d5 3. e5 Bf5 4. Nf3 e6 5. Be2 c5 6. c3 Nc6 7. O-O Qc7 8. Nh4 Bg6
9. Nxg6 hxg6 10. a4 cxd4 11. cxd4 Qb6 12. Bb5 Ne7 13. Qd3 a6 14. Bxc6+ Nxc6 15.
Rd1 Rc8 16. Nc3 Na5 17. Bd2 Nb3 18. a5 Qxd4 19. Qxd4 Nxd4 20. Be3 Nc2 21. Rac1
Nxe3 22. fxe3 Rh5 23. Na4 Rxc1 24. Rxc1 Rxe5 25. Rc8+ Ke7 26. Kf2 Re4 27. Nb6 f5
28. Rc7+ Ke8 29. Rxb7 Bc5 30. Ra7 Bxe3+ 31. Kf3 Bxb6 32. axb6 Rb4 33. b7 Kd8 34.
Rxa6 Kd7 35. b8=Q Rxb8 36. Ra7+ Kd6 37. Rxg7 Rb3+ 38. Kf4 e5+ 39. Kg5 d4 40.
Rxg6+ Kd5 41. Kxf5 Rxb2 42. Rg3 Rf2+ 43. Kg4 e4 44. h4 e3 45. Rf3 Rxg2+ 46. Kh3
Rg1 47. Kh2 Rb1 48. Rf5+ Ke4 49. Rf8 e2 50. Re8+ Kd3 {White resigns} 0-1

[Event "Team 45 45 League T36"]
[Site "Internet Chess Club"]
[Date "2008.02.15"]
[Round "4"]
[White "OrangeKing"]
[Black "b-spot"]
[Result "0-1"]
[WhiteElo "1688"]
[BlackElo "1734"]
[Opening "French defense"]
[ECO "C11"]
[Time "19:08:44"]
[TimeControl "2700+45"]

1. e4 e6 2. d4 d5 3. Nc3 Nf6 4. exd5 exd5 5. Bd3 Nc6 6. Nf3 Bg4 7. Bb5 Be7 8.
O-O O-O 9. Bg5 Ne4 10. Bxe7 Nxe7 11. Qd3 Bxf3 12. gxf3 Nf6 13. Kh1 c6 14. Ba4
Qd6 15. Rg1 Ng6 16. Ne2 b5 17. Bb3 Rfe8 18. c3 Qe6 19. Rae1 Re7 20. Ng3 Qxe1 21.
Rxe1 Rxe1+ 22. Nf1 Nf4 {White resigns} 0-1

[Event "Team 45 45 League T36"]
[Site "Internet Chess Club"]
[Date "2008.02.14"]
[Round "4"]
[White "mickeys"]
[Black "quotha"]
[Result "1-0"]
[WhiteElo "1724"]
[BlackElo "1532"]
[Opening "Queen's pawn game"]
[ECO "D02"]
[Time "19:11:18"]
[TimeControl "2700+45"]

1. d4 d5 2. Nf3 g6 3. c4 c6 4. e3 Bg7 5. Nc3 Nf6 6. Qb3 O-O 7. Be2 b6 8. O-O Bb7
9. a4 e6 10. a5 Nbd7 11. a6 Bc8 12. Bd3 Qc7 13. Bd2 e5 14. cxd5 c5 15. Rfc1 exd4
16. exd4 Qd6 17. Bc4 Nb8 18. dxc5 bxc5 19. Qa2 Bg4 20. Ng5 Nbd7 21. Nb5 Qb8 22.
f3 Bf5 23. d6 Ne5 24. Nc7 h6 25. Nxf7 Nxf7 26. Re1 {Black resigns} 1-0

[Event "Team 45 45 League T36"]
[Site "Internet Chess Club"]
[Date "2008.02.16"]
[Round "4"]
[White "CMerli"]
[Black "nardz"]
[Result "1-0"]
[WhiteElo "2357"]
[BlackElo "2241"]
[Opening "Caro-Kann: anti-anti-Caro-Kann defense"]
[ECO "A11"]
[Time "17:59:14"]
[TimeControl "2700+45"]

1. c4 c6 2. e4 d5 3. exd5 cxd5 4. cxd5 Nf6 5. Nc3 Nxd5 6. Bc4 e6 7. Nf3 Be7 8.
O-O O-O 9. d4 Nc6 10. Re1 Bf6 11. Ne4 h6 12. b3 Be7 13. Ne5 Bb4 14. Nxc6 bxc6
15. Bd2 Ba3 16. Qh5 Nf6 17. Qh4 Nxe4 18. Qxe4 Bb2 19. Rad1 Qxd4 20. Qxc6 Bd7 21.
Qf3 Qf6 22. Qb7 Rad8 23. Ba5 Bc8 24. Bxd8 Bxb7 25. Bxf6 Bxf6 26. Rd7 Rb8 27.
Red1 a5 28. Rc7 Be4 29. Ba6 Rb6 30. Rc8+ Kh7 31. Bd3 Bxd3 32. Rxd3 Kg6 33. Kf1
Be5 34. Rc5 Bc7 35. Rxc7 {Black resigns} 1-0

[Event "Team 45 45 League T36"]
[Site "Internet Chess Club"]
[Date "2008.02.17"]
[Round "4"]
[White "eurander"]
[Black "killer21"]
[Result "0-1"]
[WhiteElo "2135"]
[BlackElo "2251"]
[Opening "Queen's Indian defense"]
[ECO "A47"]
[Time "04:00:37"]
[TimeControl "2700+45"]

1. d4 Nf6 2. Nf3 b6 3. g3 Bb7 4. Bg2 g6 5. O-O Bg7 6. c4 O-O 7. Nc3 Ne4 8. Nxe4
Bxe4 9. Bd2 c5 10. Bc3 Nc6 11. e3 Rc8 12. Rc1 cxd4 13. Nxd4 Bxg2 14. Kxg2 Nxd4
15. Bxd4 e5 16. Bc3 Rxc4 17. Qd3 Qa8+ 18. Kg1 d5 19. b3 Rcc8 20. Bb2 Qb7 21.
Rfd1 Rfd8 22. Qb5 d4 23. Rxc8 Qxc8 24. Qd3 Qg4 25. exd4 e4 26. Qb1 Qf3 27. Qc2
h5 28. h4 e3 29. Kh2 e2 {White resigns} 0-1

[Event "Team 45 45 League T36"]
[Site "Internet Chess Club"]
[Date "2008.02.15"]
[Round "4"]
[White "Terte"]
[Black "JustinSane"]
[Result "1-0"]
[WhiteElo "2153"]
[BlackElo "2216"]
[Opening "French: Winawer, Alekhine (Maróczy) gambit"]
[ECO "C15"]
[Time "14:28:00"]
[TimeControl "2700+45"]

1. e4 e6 2. d4 d5 3. Nc3 Bb4 4. Ne2 Nc6 5. e5 Nge7 6. a3 Bxc3+ 7. Nxc3 Nf5 8.
Be3 f6 9. Bb5 fxe5 10. Qg4 exd4 11. Bxd4 Nxd4 12. Qxg7 Nxc2+ 13. Kd2 Rf8 14.
Kxc2 Rxf2+ 15. Kb3 Qe7 16. Qg3 Rf8 17. Rhf1 Rh8 18. Rae1 Qd7 19. Ka2 a6 20. Bxc6
bxc6 21. Na4 Qe7 22. Qc3 {Black resigns} 1-0

[Event "Team 45 45 League T36"]
[Site "Internet Chess Club"]
[Date "2008.02.18"]
[Round "4"]
[White "BillyNoMates"]
[Black "valipop"]
[Result "0-1"]
[WhiteElo "1853"]
[BlackElo "2128"]
[Opening "Sicilian defense"]
[ECO "B34"]
[Time "11:59:42"]
[TimeControl "2700+45"]

1. e4 c5 2. Nf3 Nc6 3. d4 cxd4 4. Nxd4 g6 5. Be2 Bg7 6. Be3 Nf6 7. Nc3 O-O 8. h4
h5 9. g4 hxg4 10. Qd2 d5 11. Nxc6 bxc6 12. e5 Nh5 13. Bh6 Rb8 14. O-O-O Bxe5 15.
Bxf8 Bf4 {White resigns} 0-1

[Event "Team 45 45 League T36"]
[Site "Internet Chess Club"]
[Date "2008.02.23"]
[Round "4"]
[White "NFork"]
[Black "Squeaker"]
[Result "1-0"]
[WhiteElo "2223"]
[BlackElo "1932"]
[Opening "KP: Nimzovich defense"]
[ECO "B00"]
[Time "10:16:48"]
[TimeControl "2700+45"]

1. e4 Nc6 2. d4 e5 3. d5 Nce7 4. Nf3 Ng6 5. h4 h5 6. Bg5 Nf6 7. Nfd2 Bc5 8. Nc3
c6 9. Be2 Qb6 10. O-O Qxb2 11. Na4 Qa3 12. c3 cxd5 13. Nb1 Bxf2+ 14. Rxf2 Qd6
15. Bxf6 gxf6 16. Qxd5 Qe7 17. g3 Rg8 18. Kh1 Rb8 19. Qc5 Qe6 20. Rf5 Ne7 21.
Bc4 d5 22. Bb5+ Kf8 23. Nd2 dxe4 24. Raf1 b6 25. Qa3 e3 26. Ne4 Bb7 27. Kh2 Rg6
28. Nxf6 Bc8 29. Ne8 Kg8 30. Nc7 Qxf5 31. Rxf5 Bxf5 32. Qxe7 e2 33. Bxe2 Be6 34.
Bxh5 Rg7 35. Nxe6 fxe6 36. Qxe6+ Kh8 37. Qxe5 Rf8 38. Bf3 Kg8 39. Bd5+ Kh8 40.
g4 Rf2+ 41. Kg3 Rf8 42. h5 Kh7 43. h6 Rd7 44. Be4+ Kxh6 45. Kh4 Rg8 46. g5+ Rxg5
47. Qxg5# {Black checkmated} 1-0

[Event "Team 45 45 League T36"]
[Site "Internet Chess Club"]
[Date "2008.02.16"]
[Round "4"]
[White "BigH"]
[Black "Defenceact"]
[Result "0-1"]
[WhiteElo "1666"]
[BlackElo "1866"]
[Opening "Sicilian defense"]
[ECO "B20"]
[Time "11:02:28"]
[TimeControl "2700+45"]

1. e4 c5 2. d3 Nc6 3. g3 g6 4. Bg2 Bg7 5. f4 d6 6. h3 Nf6 7. Nc3 O-O 8. Nf3 Nh5
9. Ne2 Qb6 10. c3 f5 11. Qd2 e5 12. fxe5 dxe5 13. exf5 gxf5 14. Qg5 Nf6 15. O-O
c4+ 16. d4 Ne4 17. Qe3 exd4 18. Nfxd4 Nxd4 19. Nxd4 Nc5 20. Bd5+ Kh8 21. Bxc4
Bd7 22. Kh2 Rae8 23. Qg5 Ne4 24. Qf4 Be5 25. Qf3 Nxg3 26. Re1 Ne2+ 27. Kg2 Qg6+
28. Kh1 Nxd4 29. cxd4 Bxd4 30. Be3 Rxe3 31. Rxe3 Bc6 32. Bd5 Bxe3 33. Bxc6 Qxc6
34. Qxc6 bxc6 35. Rd1 Kg7 36. Kg2 Kg6 37. Kf3 f4 38. a4 Rb8 39. Rd6+ Kf5 40. Rd7
Rxb2 41. Rf7+ Kg6 42. Rxa7 Bxa7 {White resigns} 0-1

[Event "Team 45 45 League T36"]
[Site "Internet Chess Club"]
[Date "2008.02.16"]
[Round "4"]
[White "mongmong"]
[Black "lw"]
[Result "0-1"]
[WhiteElo "1613"]
[BlackElo "1594"]
[Opening "Modern defense"]
[ECO "A40"]
[Time "19:59:22"]
[TimeControl "2700+45"]

1. d4 g6 2. Nf3 d6 3. e3 Bg7 4. c4 Nf6 5. b4 O-O 6. Bb2 c6 7. Be2 d5 8. Nc3 Bg4
9. cxd5 cxd5 10. h3 Bxf3 11. Bxf3 Nc6 12. a3 e6 13. O-O Nd7 14. Rc1 Nb6 15. Be2
a6 16. Na4 Nxa4 17. Qxa4 b5 18. Qb3 Qd7 19. Rc2 Rfc8 20. Rfc1 Ne7 21. Qd3 Rxc2
22. Rxc2 Rc8 23. Qd1 Rxc2 24. Qxc2 Nc8 25. Kf1 Bf8 26. h4 Nb6 27. h5 Nc4 28. Bc1
Qc7 29. hxg6 Nxe3+ {White resigns} 0-1

[Event "Team 45 45 League T36"]
[Site "Internet Chess Club"]
[Date "2008.02.17"]
[Round "4"]
[White "chessbuzz"]
[Black "OldChurchLady"]
[Result "0-1"]
[WhiteElo "1475"]
[BlackElo "1674"]
[Opening "French: advance variation"]
[ECO "C02"]
[Time "19:46:32"]
[TimeControl "2700+45"]

1. e4 e6 2. d4 d5 3. e5 c5 4. c3 Qb6 5. Nf3 Nc6 6. Be2 cxd4 7. cxd4 Nge7 8. Nc3
Nf5 9. O-O Nfxd4 10. Be3 Nxf3+ 11. Bxf3 Qd8 12. Ne2 Nxe5 13. Nd4 Nxf3+ 14. Qxf3
Bd6 15. h4 O-O 16. h5 e5 17. Nb3 e4 18. Qe2 Qh4 19. g3 Bxg3 20. fxg3 Qxg3+ 21.
Kh1 Bg4 22. Qe1 Bf3+ 23. Rxf3 Qxf3+ 24. Kg1 Rac8 25. Nd4 Qxh5 26. Qg3 f5 27. Qe5
Qg4+ 28. Kf2 f4 29. Qxd5+ Kh8 30. Rf1 fxe3+ 31. Ke1 Rc1# {White checkmated} 0-1

[Event "Team 45 45 League T36"]
[Site "Internet Chess Club"]
[Date "2008.02.16"]
[Round "4"]
[White "Matterhorn"]
[Black "Glassywoman"]
[Result "1-0"]
[WhiteElo "1445"]
[BlackElo "1370"]
[Opening "Philidor: exchange variation"]
[ECO "C41"]
[Time "08:49:48"]
[TimeControl "2700+45"]

1. e4 e5 2. Nf3 d6 3. d4 exd4 4. Nxd4 h6 5. Be3 Nf6 6. Nc3 Ng4 7. Bf4 a6 8. f3
Nf6 9. Qd2 Nh5 10. Be3 Be7 11. O-O-O Bf6 12. g4 Bxd4 13. Bxd4 Nf6 14. Bc4 Nc6
15. Bxf6 Qxf6 16. Nd5 Qd8 17. Qf4 Na5 18. Nb6 O-O 19. Nxa8 Nxc4 20. b3 Ne5 21.
Qg3 Be6 22. Qxe5 dxe5 23. Rxd8 Rxd8 24. Nxc7 Bd7 25. Rd1 Kf8 26. Na8 Ke7 27. Nb6
Bb5 28. Rxd8 Kxd8 29. c4 Be8 30. Kc2 Kc7 31. Nd5+ Kd6 32. Kc3 b5 33. Ne3 g6 34.
Nd5 Kc5 35. b4+ Kc6 36. Nf6 Bd7 37. Nxd7 Kxd7 38. cxb5 axb5 39. Kb3 Kc6 40. a4
Kb6 41. axb5 Kxb5 42. h3 f6 43. h4 g5 44. h5 Kb6 45. Kc4 Kc6 46. b5+ Kb6 47. Kb4
Kc7 48. Kc5 Kb7 49. b6 Kb8 50. Kc6 Ka8 51. Kd6 Kb7 52. Ke6 Kxb6 53. Kxf6 Kc5 54.
Kxe5 Kc6 55. Kf6 Kd6 56. e5+ Kd7 57. Kf7 Kd8 58. e6 {Black resigns} 1-0

[Event "Team 45 45 League T36"]
[Site "Internet Chess Club"]
[Date "2008.02.16"]
[Round "4"]
[White "isolani"]
[Black "Budzo"]
[Result "0-1"]
[WhiteElo "1540"]
[BlackElo "1770"]
[Opening "QGD semi-Slav: Meran, Wade variation"]
[ECO "D47"]
[Time "10:07:09"]
[TimeControl "2700+45"]

1. Nf3 d5 2. d4 Nf6 3. c4 c6 4. Nc3 e6 5. e3 Nbd7 6. Bd3 dxc4 7. Bxc4 b5 8. Bd3
Bb7 9. O-O a6 10. Qe2 c5 11. e4 cxd4 12. Nxd4 Nc5 13. Bxb5+ axb5 14. Qxb5+ Qd7
15. f3 Ba6 16. Qxd7+ Ncxd7 17. Rd1 {White resigns} 0-1

[Event "Team 45 45 League T36"]
[Site "Internet Chess Club"]
[Date "2008.02.17"]
[Round "4"]
[White "smsxman"]
[Black "lmadueno"]
[Result "1/2-1/2"]
[WhiteElo "1477"]
[BlackElo "1621"]
[Opening "Sicilian: Smith-Morra gambit"]
[ECO "B21"]
[Time "10:09:50"]
[TimeControl "2700+45"]

1. e4 c5 2. d4 cxd4 3. c3 g6 4. cxd4 Bg7 5. e5 Nc6 6. Nf3 e6 7. Bb5 Nge7 8. Bg5
a6 9. Ba4 b5 10. Bb3 Qb6 11. O-O Nf5 12. Be3 Nxe3 13. fxe3 Na5 14. Ng5 O-O 15.
Qf3 Bb7 16. Qf2 Nxb3 17. axb3 f5 18. Qh4 h6 19. Nh3 Qd8 20. Qxd8 Raxd8 21. Nc3
Rc8 22. Rad1 b4 23. Na4 Rc2 24. Rf2 Rxf2 25. Kxf2 Bd5 26. Nc5 Rd8 27. Nf4 d6 28.
Ncxe6 Bxe6 29. Nxe6 Rd7 30. Nxg7 Kxg7 31. e6 Re7 32. d5 Kf6 33. Rc1 Ke5 34. Rd1
a5 35. Kf3 g5 36. h3 h5 37. Rd4 Kf6 38. e4 Ke5 39. Rc4 fxe4+ 40. Rxe4+ Kxd5 41.
g4 h4 42. Ke3 Rxe6 43. Rxe6 Kxe6 44. Kd4 Kd7 45. Kc4 Kc6 46. Kd4 d5 47. Ke5 Kc5
48. Kf5 Kd6 49. Kxg5 d4 50. Kf4 Kd5 51. Kf3 Ke5 52. Ke2 Kf4 53. Kd3 Ke5 {Game
drawn by mutual agreement} 1/2-1/2

[Event "Team 45 45 League T36"]
[Site "Internet Chess Club"]
[Date "2008.02.17"]
[Round "4"]
[White "Stoertebeker"]
[Black "chicopee-ed"]
[Result "1/2-1/2"]
[WhiteElo "1504"]
[BlackElo "1539"]
[Opening "King's pawn opening"]
[ECO "B07"]
[Time "14:00:38"]
[TimeControl "2700+45"]

1. e4 d6 2. d3 e5 3. g3 Nc6 4. Nf3 Be7 5. Bg2 Be6 6. Be3 Qd7 7. c3 Nf6 8. Nbd2
Ng4 9. O-O Nxe3 10. fxe3 Bh3 11. d4 Bxg2 12. Kxg2 exd4 13. exd4 d5 14. e5 Nd8
15. Nb3 Ne6 16. Ne1 c6 17. Qf3 O-O 18. Nd3 Ng5 19. Qf5 Qe6 20. Nbc5 Qxf5 21.
Rxf5 Bxc5 22. Nxc5 Ne6 23. Nxe6 fxe6 24. Rf4 Rxf4 25. gxf4 Rf8 26. Kg3 g6 {Game
drawn by mutual agreement} 1/2-1/2

[Event "Team 45 45 League T36"]
[Site "Internet Chess Club"]
[Date "2008.02.15"]
[Round "4"]
[White "jayes"]
[Black "Squeaker"]
[Result "0-1"]
[WhiteElo "1981"]
[BlackElo "1917"]
[Opening "KP: Colorado counter"]
[ECO "B00"]
[Time "11:57:53"]
[TimeControl "2700+45"]

1. e4 Nc6 2. Nf3 f5 3. e5 d6 4. Qe2 dxe5 5. Nxe5 Nxe5 6. Qxe5 Nf6 7. d4 Ng4 8.
Qf4 e5 9. dxe5 Bc5 10. Be3 Nxe3 11. fxe3 g5 12. Qf3 O-O 13. Bc4+ Kh8 14. Nd2 f4
15. exf4 Rxf4 16. Qb3 Bg4 17. Nf3 Bxf3 18. gxf3 Qd4 19. Rf1 Rd8 {White resigns}
0-1